 Dungeon Crawl Stone Soup version 0.31.0-11-ge490571c62 (webtiles) character file.

Game seed: 8107726784928499343

230968 freelancePsychic the Warrior (level 19, -3/154 HPs)
             Began as a Djinni Alchemist on Jan 29, 2024.
             Was the Champion of Makhleb.
             Killed from afar by a wretched star (18 damage)
             ... with a lance of force
             ... on level 5 of the Abyss.
             The game lasted 01:11:20 (23789 turns).

freelancePsychic the Warrior (Djinni Alchemist)    Turns: 23789, Time: 01:11:20

Health: -3/154     AC: 10    Str:  7    XL:     19   Next: 41%
Gold:   695        EV: 22    Int: 29    God:    Makhleb [******] SH: 10 Dex: 15

rFire   + + .        f - staff of cold
rCold   + . .        M - +0 buckler
rNeg    . . .        N - +3 troll leather armour
rPois   ∞            (no helmet)
rElec   .            p - +2 cloak {rCorr}
rCorr   +            S - +0 pair of gloves
SInv    .            (boots unavailable)
Will    .....        T - amulet of reflection
Stlth   +++          B - ring of Touwkovvy {rC+ Will- Int+5 Slay+2}
HPRegen 0.00/turn    H - +5 ring of evasion
MPRegen 0.00/turn

%: reflection, infuse magic (-4 HP)
@: flying, inhibited regen
A: sickness immunity, fire resistance 2, cold vulnerability 1, float, innate
caster, HP casting, extra vitality 1, screaming 1[+1], [inhibited regeneration],
([teleportitis 2])
}: 2/15 runes: decaying, gossamer
a: Renounce Religion, Minor Destruction, Lesser Servant of Makhleb, Major
Destruction, Greater Servant of Makhleb


You were on level 5 of the Abyss.
You worshipped Makhleb.
Makhleb was exalted by your worship.
You visited 7 branches of the dungeon, and saw 31 of its levels.
You visited the Abyss 2 times.
You also visited: Ossuary.

You collected 2350 gold pieces.
You spent 1655 gold pieces at shops.

Inventory:

Hand Weapons
 r - a +1 short sword of protection
 D - a +5 vampiric trident
Armour
 a - a +0 robe
 p - a +2 cloak of preservation (worn)
 M - a +0 buckler (worn)
 N - a +3 troll leather armour (worn)
 S - a +0 pair of gloves (worn)
 V - the +1 hat of Terror {rPois rC+ Int-4}
   (You found it on level 4 of the Spider Nest)

   Int-4:     It affects your intelligence (-4).
   rC+:       It protects you from cold.
   rPois:     It protects you from poison
Magical Staves
 f - a staff of cold (weapon)
Jewellery
 B - the ring of Touwkovvy (left hand) {rC+ Will- Int+5 Slay+2}
   (You bought it in a shop on level 2 of the Orcish Mines)

   [ring of protection from cold]

   Int+5:     It affects your intelligence (+5).
   Slay+2:    It affects your accuracy & damage with ranged weapons and melee
   (+2).
   rC+:       It protects you from cold.
   Will-:     It decreases your willpower.
 G - a ring of wizardry
 H - a +5 ring of evasion (right hand)
 Q - an amulet of the acrobat
 T - an amulet of reflection (around neck)
 Y - a ring of willpower
 Z - a ring of protection from fire
Wands
 h - a wand of light (21)
 u - a wand of paralysis (36)
 C - a wand of flame (55)
 I - a wand of digging (3)
 J - a wand of iceblast (23)
Scrolls
 c - a scroll of immolation
 k - 2 scrolls of vulnerability
 l - 2 scrolls of poison
 n - 2 scrolls of noise
 o - 3 scrolls of revelation
 q - 3 scrolls of summoning
 w - a scroll of enchant armour
 x - a scroll of brand weapon
 y - 3 scrolls of fog
 F - a scroll of identify {@r1}
Potions
 b - a potion of berserk rage
 d - 8 potions of brilliance
 g - 2 potions of mutation {unknown}
 i - 4 potions of lignification
 j - a potion of degeneration {unknown}
 m - 3 potions of might
 s - 4 potions of enlightenment
 t - 4 potions of haste {unknown}
 z - a potion of attraction
 L - 3 potions of ambrosia
 P - 3 potions of magic {unknown}
 R - a potion of invisibility
 W - 2 potions of cancellation
 X - 2 potions of resistance {unknown}
Miscellaneous
 A - a box of beasts
 O - a phantom mirror
 U - a tin of tremorstones (2/2)


   Skills:
 + Level 19.2 Fighting
 - Level 6.5 Polearms
 - Level 14.1 Dodging
 - Level 4.5 Stealth
 - Level 5.6 Shields
 * Level 17.6 Spellcasting
 * Level 17.6 Conjurations
 * Level 17.6 Hexes
   Level 0.0 Charms
 * Level 17.6 Summonings
 * Level 17.6 Necromancy
 * Level 17.6 Translocations
   Level 0.0 Transmutations
 * Level 17.6 Fire Magic
 * Level 17.6 Ice Magic
 * Level 17.6 Air Magic
 * Level 17.6 Earth Magic
 * Level 17.6 Alchemy


You knew the following spells:

 Your Spells              Type           Power      Damage    Failure   Level
a - Death Channel         Necr           45%        N/A       1%          6
b - Orb of Destruction    Conj           45%        9d12      2%          7
c - Iskenderun's Battles  Conj           91%        2d14      1%          5
d - Olgreb's Toxic Radia  Alch           91%        N/A       1%          4
e - Sticky Flame          Fire/Alch      91%        2d14      1%          4
f - Slow                  Hex            100%       N/A       0%          1
g - Mercury Vapours       Alch/Air       100%       N/A       0%          2
h - Freezing Cloud        Conj/Ice/Air   56%        6-21      1%          5
i - Spellforged Servitor  Conj/Summ      45%        N/A       2%          7
j - Ensorcelled Hibernat  Hex/Ice        100%       N/A       0%          2
k - Mephitic Cloud        Conj/Alch/Air  91%        N/A       0%          3
l - Jinxbite              Hex            100%       N/A       0%          2
m - Sting                 Conj/Alch      100%       1d9       0%          1
n - Manifold Assault      Tloc           91%        N/A       1%          4
Your spell library was empty.

Dungeon Overview and Level Annotations

Branches:
Dungeon (12/15)            Temple (1/1) D:7            Lair (5/5) D:8
  Swamp (4/4) Lair:3       Spider (4/4) Lair:3        Slime (0/5) Lair:5
    Orc (2/2) D:9             Elf (3/3) Orc:2       Ossuary (visited)

Altars:
Ashenzari
Cheibriados
Dithmenos
Elyvilon
Fedhas
Gozag
Hepliaklqana
Makhleb
Nemelex Xobeh
Okawaru
Qazlal
Ru
Trog
Uskayaw
Wu Jian
Xom
Yredelemnul
Zin
The Shining One
Jiyva

Shops:
D:2 [   D:5 [   D:7 :   D:11 (?*   Orc:2 *?=[   Elf:2 *=([

Portals:
Hell: Lair:5

Annotations:
D:11 1 runed translucent door, Motwaexy's ghost, journeyman OnHW
Lair:4 2 transporters
Spider:3 2 transporters, exclusion: door, Bai Suzhen; Vubreenic's ghost, adept CeHu
Orc:2 1 runed translucent door, mrw3rdna's ghost, journeyman SpAl


Innate Abilities, Weirdness & Mutations

You are immune to sickness and miasma.
You are immune to poison.
Your flesh is very heat resistant. (rF++)
You are vulnerable to cold. (rC-)
You float through the air rather than walking.
You learn spells naturally, not from books.
Your magical power is your life essence.
You have superior vitality. (+4 MHP)
[You frequently scream uncontrollably at your foes.]
[You do not regenerate when monsters are visible.]
[((You are often teleported next to monsters.))]


Message History

The starspawn tentacle loses its grip on you.
The starspawn tentacle grabs you. The starspawn tentacle constricts you.
* * * LOW HITPOINT WARNING * * *
The walking frostbound tome erupts in a flurry of living spells!
You hit the starspawn tentacle but do no damage.
The starspawn tentacle is severely damaged.
A cyan very ugly thing comes into view.
The starspawn tentacle constricts you.
* * * LOW HITPOINT WARNING * * *
You escape the starspawn tentacle's grasp.
You are too confused!
Okay, then.
You're too confused to cast spells.
Unknown command.
Okay, then.
A starcursed mass comes into view.
You feel less invigorated.
You feel less confused.
A starcursed mass splits.
Unknown command.
The starcursed mass shrieks in your mind.
* * * LOW HITPOINT WARNING * * *
Found a ring mail and an animal skin.
The wretched star pulses with an eldritch light!
You feel weirdly uncertain.
You feel even more weirdly uncertain.
Unknown command.
Casting: Spellforged Servitor (dangerous; 2% risk of failure)
Confirm with . or Enter, or press ? or * to list all spells.
You summon a servant imbued with your destructive magic!
* * * LOW HITPOINT WARNING * * *
The wretched star glows turbulently.
The lance of force misses you.
Found a stone and a club.
Your spellforged servitor conjures a glowing orb.
Found a gold piece, a stone and an animal skin.
The wavering orb of destruction hits the wretched star!
The wretched star glows turbulently.
The lance of force hits you!!
You die...

.#~~~~X..
.......#.. ..~~>~~
#.........# ~~~..~~
##.......##
♣#~~~~.##;. ..... #
~~~....X#│......##
~~≈~##.*# w.. ....
~~~.###○##x#+++#.##
~..# #.9### # #
#@.# ( ##
##......#X{(*(
#...#..#(*(φ[
~...##...#((([) ###
#..##)/?φ( #...
#[[) .... ### .....


You could see a tentacled starspawn, a wretched star (ally target), a thrashing
horror, 2 lurking horrors and a friendly spellforged servitor (summoned).

Vanquished Creatures
  Nikola (Swamp:4)
  4 tentacled monstrosities (Swamp:4)
  A deep elf master archer (Elf:3)
  A thorn hunter (Swamp:4)
  3 tentacled starspawn
  Roxanne (Swamp:4)
  3 fenstrider witches (Swamp:4)
  3 deep elf sorcerers (Elf:3)
  5 deep elf elementalists
  An emperor scorpion (Spider:4)
  3 ghouls (Swamp:4)
  3 ghost moths (Spider:4)
  2 orc warlords
  A very ugly thing (Elf:2)
  A broodmother (Spider:1)
  A starflower (Abyss:5)
  2 deep elf death magi
  3 deep elf demonologists
  An eleionoma (Swamp:4)
  A bunyip (Swamp:4)
  A spark wasp (Spider:4)
  A blizzard demon (Swamp:4)
  2 crystal guardians (Abyss:5)
  A green death (Swamp:4)
  A deep elf high priest (Elf:3)
  11 hydras
  2 radroaches
  2 ghost crabs
  An alligator (shapeshifter) (Abyss:2)
  A merfolk avatar (Swamp:4)
  2 two-headed ogres
  3 boulder beetles
  3 alligators
  11 dancing weapons
  2 catoblepae
  A demonic crawler (Spider:3)
  4 death yaks (Lair:5)
  2 occultists (Swamp:4)
  4 orc high priests (Orc:2)
  A thrashing horror (Abyss:5)
  A soul eater (Swamp:4)
  A sun demon (Lair:5)
  8 deep elf knights
  2 sixfirhies (Swamp:4)
  3 pharaoh ants
  3 large abominations
  6 spriggan druids
  6 orb spiders
  An arcanist (Lair:5)
  2 swamp dragons
  A glowing orange brain (Abyss:5)
  2 steelbarb worms (Spider:1)
  2 sun moths
  7 deep elf archers
  A bog body (Swamp:2)
  16 deep elf zephyrmancers
  4 orc knights (Orc:2)
  19 deep elf pyromancers
  An ugly thing (D:12)
  8 wolf spiders
  7 orc sorcerers
  3 meliai (Spider:2)
  A cyclops (D:12)
  11 elephants
  An apocalypse crab (Abyss:3)
  Joseph (D:9)
  A moth of wrath (Spider:4)
  A guardian serpent (shapeshifter) (Abyss:5)
  5 orange demons
  2 black mambas (Lair:5)
  A smoke demon (Lair:5)
  A torpor snail (Spider:1)
  13 cane toads
  Jeremiah (D:7)
  An unseen horror (D:11)
  6 komodo dragons
  7 rime drakes
  2 ice devils (Lair:5)
  5 tyrant leeches
  4 trolls
  A polar bear (Lair:5)
  29 tarantellas
  A hornet (Swamp:3)
  16 blink frogs
  6 dream sheep
  17 culicivoras
  18 jumping spiders
  Sigmund (D:6)
  A wraith (D:9)
  A shadow (D:9)
  A centaur simulacrum (D:11)
  A spriggan (Swamp:3)
  A vampire (D:9)
  30 yaks
  4 wyverns
  4 wargs (Orc:2)
  31 redbacks
  4 steam dragons
  3 basilisks
  A chaos spawn (Swamp:4)
  A small abomination (Abyss:3)
  5 swamp worms
  A spectral cane toad (Lair:3)
  13 water moccasins
  3 hell hounds (Lair:5)
  A sky beast (D:4)
  2 black bears
  31 orc warriors
  2 ice beasts (D:8)
  4 ogres
  5 wolves
  A spectral rime drake (Lair:3)
  4 centaurs
  5 kobold brigands
  A phantom (D:5)
  A weeping skull (Ossuary)
  2 brain worms (Abyss:5)
  15 bullfrogs
  2 scorpions
  A gnoll sergeant (D:9)
  A necrophage (Swamp:4)
  6 water moccasin zombies (Ossuary)
  3 wights (D:8)
  13 killer bees
  A howler monkey (D:7)
  An electric eel (Lair:5)
  2 bombardier beetles
  5 jellies
  22 orc priests
  Jessica (D:3)
  3 iguanas
  27 orc wizards
  2 crocodile zombies (Ossuary)
  2 mummies (Ossuary)
  4 gnolls (D:3)
  6 adders
  6 adder zombies (Ossuary)
  2 dart slugs
  2 ribbon worms (D:2)
  74 orcs
  3 ball pythons
  10 endoplasms
  A giant cockroach (D:2)
  3 goblins
  7 hobgoblins
  4 jackals
  2 quokkas
  3 bats
  A frilled lizard (D:2)
  8 gnoll zombies (Ossuary)
  6 jackal zombies (Ossuary)
  28 kobolds
  8 orc zombies (Ossuary)
  A rat (D:2)
804 creatures vanquished.

Vanquished Creatures (collateral kills)
  A ghost moth (Spider:4)
  An emperor scorpion (Spider:4)
  2 broodmothers
  A very ugly thing (Abyss:5)
  A purple draconian (Abyss:2)
  A spark wasp (Spider:4)
  An entropy weaver (Spider:4)
  A deep elf high priest (Elf:3)
  A great orb of eyes (Abyss:3)
  A radroach (Spider:4)
  3 great orbs of eyes (shapeshifter) (Abyss:5)
  A dancing weapon (Elf:1)
  2 demonic crawlers (Spider:4)
  2 orc high priests (Orc:2)
  A fire crab (Abyss:5)
  A goliath frog (Swamp:4)
  2 orb spiders
  2 pharaoh ants (Spider:4)
  A large abomination (Abyss:5)
  2 deep elf zephyrmancers (Elf:1)
  3 orc knights (Orc:2)
  5 steelbarb worms
  3 deep elf pyromancers
  7 wolf spiders
  2 kobold blastminers (Orc:1)
  A smoke demon (Abyss:5)
  A torpor snail (Spider:2)
  A troll (Orc:1)
  A tyrant leech (Swamp:4)
  3 tarantellas
  5 jumping spiders
  3 culicivoras (Spider:4)
  A wyvern (Lair:3)
  4 yaks (Lair:3)
  4 redbacks
  A chaos spawn (Swamp:4)
  6 orc warriors (Orc:2)
  An ogre (shapeshifter) (Abyss:5)
  An ogre (Orc:1)
  6 orc priests (Orc:2)
  2 orcs (Orc:2)
89 creatures vanquished.

Vanquished Creatures (others)
  2 alligators (Swamp:4)
  2 deep elf knights (Elf:1)
  8 starspawn tentacles
12 creatures vanquished.

Grand Total: 905 creatures vanquished

Notes
Turn   | Place    | Note
-------+----------+-------------------------------------------
     0 | D:1      | freelancePsychic the Djinni Alchemist began the quest for
                  | the Orb.
     0 | D:1      | freelancePsychic set off with the following spells
                  | memorised: Sting, Mercury Vapours, Mephitic Cloud, Olgreb's
                  | Toxic Radiance, Sticky Flame.
     0 | D:1      | Reached XP level 1. HP: 15/15 MP: 0/0
   236 | D:1      | Reached XP level 2. HP: 19/22 MP: 0/0
   407 | D:2      | Found Pyskotes's Armour Shoppe.
   466 | D:2      | Found an ornate altar of the Wu Jian Council.
   506 | D:2      | Reached skill level 1 in Fighting
   547 | D:2      | Reached XP level 3. HP: 16/27 MP: 0/0
   547 | D:2      | Learned a level 1 spell: Slow
  1153 | D:3      | Noticed Jessica
  1160 | D:3      | Killed Jessica
  1161 | D:3      | Reached XP level 4. HP: 26/33 MP: 0/0
  1165 | D:3      | Reached skill level 2 in Fighting
  1499 | D:3      | Reached XP level 5. HP: 37/38 MP: 0/0
  1499 | D:3      | Learned a level 2 spell: Jinxbite
  2320 | D:4      | Reached skill level 3 in Fighting
  2320 | D:4      | Reached XP level 6. HP: 40/46 MP: 0/0
  2331 | D:4      | Reached skill level 5 in Spellcasting
  2331 | D:4      | Reached skill level 5 in Conjurations
  2331 | D:4      | Reached skill level 5 in Hexes
  2331 | D:4      | Reached skill level 5 in Summonings
  2331 | D:4      | Reached skill level 5 in Necromancy
  2331 | D:4      | Reached skill level 5 in Translocations
  2331 | D:4      | Reached skill level 5 in Fire Magic
  2331 | D:4      | Reached skill level 5 in Ice Magic
  2331 | D:4      | Reached skill level 5 in Air Magic
  2331 | D:4      | Reached skill level 5 in Earth Magic
  2331 | D:4      | Reached skill level 5 in Alchemy
  2438 | D:4      | Found an opulent altar of Gozag.
  2439 | D:4      | Found a snail-covered altar of Cheibriados.
  2439 | D:4      | Found an ornate altar of the Wu Jian Council.
  2443 | D:4      | Found a broken altar of Ashenzari.
  2444 | D:4      | Found a shimmering altar of Xom.
  2452 | D:4      | Noticed a sky beast
  2475 | D:4      | Killed a sky beast
  2476 | D:4      | Reached XP level 7. HP: 23/50 MP: 0/0
  2476 | D:4      | Learned a level 2 spell: Ensorcelled Hibernation
  2649 | D:4      | Identified the +0 pair of boots of Protective Custody {+Inv
                  | Str-3 Dex+2 Stlth+}
  2965 | D:5      | Entered Level 5 of the Dungeon
  2994 | D:5      | Found a sand-covered staircase.
  3000 | Ossuary  | Entered an ossuary
  3065 | Ossuary  | Reached skill level 4 in Fighting
  3261 | Ossuary  | Reached XP level 8. HP: 46/58 MP: 0/0
  4375 | D:5      | Found Howot's Antique Armour Shop.
  4495 | D:5      | Reached skill level 5 in Fighting
  4725 | D:5      | Found an iron altar of Okawaru.
  4725 | D:5      | Found a hazy altar of Hepliaklqana.
  5156 | D:6      | Reached XP level 9. HP: 47/66 MP: 0/0
  5156 | D:6      | Learned a level 4 spell: Manifold Assault
  5368 | D:6      | Noticed Sigmund
  5375 | D:6      | Killed Sigmund
  5376 | D:6      | Reached skill level 6 in Fighting
  6182 | D:7      | Found a staircase to the Ecumenical Temple.
  6191 | Temple   | Entered the Ecumenical Temple
  6197 | Temple   | Became a worshipper of Makhleb the Destroyer
  6400 | D:7      | Noticed Jeremiah
  6410 | D:7      | Killed Jeremiah
  6577 | D:7      | Reached skill level 7 in Fighting
  6675 | D:7      | Found Qiymp's Book Shop.
  6682 | D:7      | Reached skill level 1 in Polearms
  6682 | D:7      | Reached XP level 10. HP: 56/75 MP: 0/0
  7435 | D:8      | Reached * piety under Makhleb
  7436 | D:8      | Reached skill level 8 in Fighting
  7735 | D:8      | Found a staircase to the Lair.
  7785 | D:9      | Found a staircase to the Orcish Mines.
  7835 | D:9      | Noticed a two-headed ogre
  7841 | D:9      | Noticed Joseph
  7862 | D:9      | Killed a two-headed ogre
  7869 | D:9      | Killed Joseph
  7870 | D:9      | Reached skill level 9 in Fighting
  8189 | D:9      | Reached skill level 5 in Polearms
  8257 | D:9      | Reached XP level 11. HP: 79/84 MP: 0/0
  8257 | D:9      | Learned a level 5 spell: Freezing Cloud
  8431 | D:9      | Reached ** piety under Makhleb
  8504 | D:10     | Entered Level 10 of the Dungeon
  9573 | D:10     | Reached skill level 10 in Fighting
  9656 | D:11     | Found a runed translucent door.
  9656 | D:11     | Noticed Motwaexy's ghost (journeyman OnHW)
  9888 | D:11     | Noticed a two-headed ogre
  9899 | D:11     | Killed a two-headed ogre
  9967 | D:11     | Found a hide-covered altar of Uskayaw.
 10031 | D:11     | Found Icivvyax's Assorted Antiques.
 10040 | D:11     | Bought a scroll labelled YKEPTA XACUAD for 27 gold pieces
 10235 | D:2      | Bought a +1 cloak of preservation for 165 gold pieces
 10415 | D:12     | Noticed a four-headed hydra
 10416 | D:12     | Noticed a cyclops
 10427 | D:12     | Killed a four-headed hydra
 10428 | D:12     | Reached skill level 1 in Shields
 10441 | D:12     | Noticed a purple ugly thing
 10446 | D:12     | Killed a purple ugly thing
 10448 | D:12     | Noticed a cyclops
 10454 | D:12     | Killed a cyclops
 10455 | D:12     | Reached XP level 12. HP: 84/93 MP: 0/0
 10473 | D:11     | Found Hogonam's Magic Scroll Boutique.
 10508 | D:11     | Found Maill's Weapon Shop.
 10636 | Lair:1   | Entered Level 1 of the Lair of Beasts
 10923 | Lair:1   | Reached skill level 11 in Fighting
 10974 | Lair:1   | Reached *** piety under Makhleb
 11076 | Lair:2   | Noticed a four-headed hydra
 11082 | Lair:2   | Noticed a catoblepas
 11083 | Lair:2   | Killed a four-headed hydra
 11083 | Lair:2   | Noticed a seven-headed hydra
 11089 | Lair:2   | Killed a seven-headed hydra
 11091 | Lair:2   | Noticed a six-headed hydra
 11095 | Lair:2   | Killed a six-headed hydra
 11096 | Lair:2   | Reached skill level 5 in Shields
 11133 | Lair:2   | Reached skill level 10 in Spellcasting
 11133 | Lair:2   | Reached skill level 10 in Conjurations
 11133 | Lair:2   | Reached skill level 10 in Hexes
 11133 | Lair:2   | Reached skill level 10 in Summonings
 11133 | Lair:2   | Reached skill level 10 in Necromancy
 11133 | Lair:2   | Reached skill level 10 in Translocations
 11133 | Lair:2   | Reached skill level 10 in Fire Magic
 11133 | Lair:2   | Reached skill level 10 in Ice Magic
 11133 | Lair:2   | Reached skill level 10 in Air Magic
 11133 | Lair:2   | Reached skill level 10 in Earth Magic
 11133 | Lair:2   | Reached skill level 10 in Alchemy
 11699 | Lair:2   | Killed a catoblepas
 11702 | Lair:2   | Reached skill level 12 in Fighting
 11725 | Lair:3   | Reached XP level 13. HP: 86/101 MP: 0/0
 11725 | Lair:3   | Learned a level 5 spell: Iskenderun's Battlesphere
 11813 | Lair:3   | Found a hole to the Spider Nest.
 11891 | Lair:4   | Found a transporter.
 11891 | Lair:4   | Found a transporter.
 11935 | Lair:4   | Reached skill level 5 in Dodging
 12005 | Lair:4   | Reached **** piety under Makhleb
 12053 | Lair:4   | Noticed a catoblepas
 12067 | Lair:4   | Killed a catoblepas
 12178 | Lair:5   | Entered Level 5 of the Lair of Beasts
 12226 | Lair:5   | Reached skill level 13 in Fighting
 12505 | Lair:5   | Found a staircase to the Slime Pits.
 12506 | Lair:5   | Found a viscous altar of Jiyva.
 12559 | Lair:5   | Reached ***** piety under Makhleb
 12578 | Lair:5   | Reached XP level 14. HP: 93/110 MP: 0/0
 12708 | Lair:5   | Found a burning altar of Makhleb.
 13496 | Lair:5   | Found a gateway to Hell.
 13496 | Lair:5   | Found the +8 autumn katana {manifold assault}
 13498 | Lair:5   | Got an earthy gem with 876 turns to spare
 13508 | Lair:5   | Reached skill level 14 in Fighting
 13766 | Spider:1 | Entered Level 1 of the Spider Nest
 13918 | Spider:1 | Noticed a broodmother
 13935 | Spider:1 | Killed a broodmother
 13964 | Spider:1 | Reached skill level 10 in Dodging
 14390 | Spider:2 | Reached XP level 15. HP: 109/118 MP: 0/0
 14390 | Spider:2 | Learned a level 6 spell: Death Channel
 14473 | Spider:2 | Noticed a broodmother
 14484 | Spider:2 | Killed a broodmother
 14583 | Spider:2 | Reached skill level 15 in Fighting
 14847 | Spider:3 | Identified the +11 dagger of the Witching Tiger {holy, Fly
                  | Will+ rCorr MP+9}
 14867 | Spider:3 | Found a glacial archway.
 15224 | Spider:3 | Found a transporter.
 15225 | Spider:3 | Identified the +2 arbalest of the Meager God {penet, Will+}
 15226 | Spider:3 | Noticed Vubreenic's ghost (adept CeHu)
 15403 | Spider:3 | Found a transporter.
 15590 | Spider:4 | Entered Level 4 of the Spider Nest
 15595 | Spider:4 | Reached ****** piety under Makhleb
 15682 | Spider:4 | Noticed a broodmother
 15689 | Spider:4 | Killed a broodmother
 15742 | Spider:4 | Noticed a ghost moth
 15745 | Spider:4 | Killed a ghost moth
 15778 | Spider:4 | Reached XP level 16. HP: 119/128 MP: 0/0
 15809 | Spider:4 | Noticed an emperor scorpion
 15825 | Spider:4 | Killed an emperor scorpion
 15945 | Spider:4 | Noticed Bai Suzhen
 16177 | Spider:4 | Reached skill level 16 in Fighting
 16215 | Spider:4 | Identified the +1 hat of Terror {rPois rC+ Int-4}
 16220 | Spider:4 | Got a gossamer rune of Zot
 16254 | Spider:4 | Noticed an emperor scorpion
 16265 | Spider:4 | Killed an emperor scorpion
 17323 | Lair:3   | Found a staircase to the Swamp.
 17380 | Swamp:1  | Entered Level 1 of the Swamp
 17754 | Swamp:4  | Entered Level 4 of the Swamp
 17841 | Swamp:4  | Noticed Nikola
 17972 | Swamp:4  | Killed Nikola
 18177 | Swamp:4  | Reached XP level 17. HP: 135/135 MP: 0/0
 18177 | Swamp:4  | Learned a level 7 spell: Orb of Destruction
 18182 | Swamp:4  | Noticed a tentacled monstrosity
 18191 | Swamp:4  | Killed a tentacled monstrosity
 18294 | Swamp:4  | Reached skill level 17 in Fighting
 18296 | Swamp:4  | Noticed a tentacled monstrosity
 18301 | Swamp:4  | Killed a tentacled monstrosity
 18489 | Swamp:4  | Noticed a thorn hunter
 18498 | Swamp:4  | Killed a thorn hunter
 18502 | Swamp:4  | Noticed a tentacled monstrosity
 18503 | Swamp:4  | Gained mutation: [You occasionally shout uncontrollably at
                  | your foes.] [a neqoxec]
 18588 | Swamp:4  | Noticed Roxanne
 18864 | Swamp:4  | Killed Roxanne
 19318 | Swamp:4  | Noticed a tentacled monstrosity
 19332 | Swamp:4  | Killed a tentacled monstrosity
 19494 | Swamp:4  | Got a decaying rune of Zot
 19505 | Swamp:4  | Reached skill level 15 in Spellcasting
 19505 | Swamp:4  | Reached skill level 15 in Conjurations
 19505 | Swamp:4  | Reached skill level 15 in Hexes
 19505 | Swamp:4  | Reached skill level 15 in Summonings
 19505 | Swamp:4  | Reached skill level 15 in Necromancy
 19505 | Swamp:4  | Reached skill level 15 in Translocations
 19505 | Swamp:4  | Reached skill level 15 in Fire Magic
 19505 | Swamp:4  | Reached skill level 15 in Ice Magic
 19505 | Swamp:4  | Reached skill level 15 in Air Magic
 19505 | Swamp:4  | Reached skill level 15 in Earth Magic
 19505 | Swamp:4  | Reached skill level 15 in Alchemy
 19550 | Swamp:4  | Killed a tentacled monstrosity
 19753 | Orc:1    | Entered Level 1 of the Orcish Mines
 19907 | Orc:2    | Entered Level 2 of the Orcish Mines
 20349 | Orc:2    | Found a staircase to the Elven Halls.
 20451 | Orc:2    | Reached XP level 18. HP: 114/144 MP: 0/0
 20576 | Orc:2    | Found Ocoin's Magic Scroll Shop.
 20579 | Orc:2    | Found Vuacufus's Jewellery Boutique.
 20580 | Orc:2    | Found Caxor's Assorted Antiques.
 20581 | Orc:2    | Found Namolyng's Armour Shop.
 20584 | Orc:2    | Bought 3 scrolls of summoning for 627 gold pieces
 20586 | Orc:2    | Bought the ring of Touwkovvy {rC+ Will- Int+5 Slay+2} for
                  | 700 gold pieces
 20591 | Orc:2    | Bought a scroll of blinking for 97 gold pieces
 20591 | Orc:2    | Bought a scroll of teleportation for 39 gold pieces
 20688 | Orc:2    | Found a runed translucent door.
 20688 | Orc:2    | Found a shimmering altar of Xom.
 20688 | Orc:2    | Noticed mrw3rdna's ghost (journeyman SpAl)
 20720 | Elf:1    | Entered Level 1 of the Elven Halls
 20722 | Elf:1    | Reached skill level 18 in Fighting
 22031 | Elf:2    | Found Hucovuli Mock's Antique Weapon Shop.
 22170 | Elf:2    | Found Ifiots's Armour Emporium.
 22287 | Elf:2    | Found Xitoh's General Store.
 22290 | Elf:2    | Found Demijen's Jewellery Shoppe.
 22355 | Elf:3    | Entered Level 3 of the Elven Halls
 23001 | Elf:3    | Reached XP level 19. HP: 149/152 MP: 0/0
 23001 | Elf:3    | Learned a level 7 spell: Spellforged Servitor
 23023 | Abyss:2  | Cast into level 2 of the Abyss (a deep elf sorcerer)
 23210 | Abyss:3  | Found a corrupted altar of Lugonu.
 23447 | Abyss:5  | Reached skill level 19 in Fighting
 23455 | Elf:3    | Escaped the Abyss
 23694 | Elf:3    | Noticed a deep elf blademaster
 23697 | Abyss:5  | Cast into level 5 of the Abyss (a deep elf sorcerer)
 23789 | Abyss:5  | Killed from afar by a wretched star

Illustrated notes

Levels and vault maps discovered:
D:1:      eino_arrival_druids_welcome, layout_loops_ring
D:2:      layout_loops_ring, serial_shops, nicolae_shop_crystal, basic_altar
D:3:      minmay_door_path, layout_loops_cross, chequers_serial_rivers_small_b,
          kennysheep_generic_room_11, uniq_jessica
D:4:      layout_cave_pools, grunt_temple_overflow_open
D:5:      layout_basic, gammafunk_temple_overflow_pools, serial_shops,
          nicolae_shop_temple_entry_statues_fountains, enter_ossuary_2,
          kennysheep_generic_room_9
D:6:      layout_basic, minmay_misc_feat_cross, uniq_sigmund
D:7:      layout_loops_corners, minmay_temple_entry_large_hall, serial_shops,
          shop, uniq_jeremiah
D:8:      layout_basic, erik_lair_orcish_takeover, corner_web_ring, uniq_amaemon
D:9:      minmay_recursive_quarters, layout_gridville, uniq_joseph
D:10:     layout_layer_cave, chequers_mini_garden
D:11:     layout_cross, hellmonk_ghost_happy_afterlife, serial_shops, shop,
          nicolae_shop_behind_doors, nicolae_shop_rolling_square, shop,
          nicolae_shop_peninsula, minmay_misc_feat_chi,
          eat_drink_and_be_merry_uskayaw
D:12:     layout_basic, kennysheep_generic_room_2, uniq_snorg
Temple:   eino_narrow_crystal_temple
Lair:1:   layout_regular_city, minmay_shattered_shrine
Lair:2:   layout_concentric_octagons, grunt_megastairs_3
Lair:3:   layout_layer_cave, nicolae_swamp_entry_spooky, spider_nest_entry_a
Lair:4:   gammafunk_boulding_lane, layout_small_grid
Lair:5:   evil_forest, layout_cave_pods, nicolae_slime_entry_slimehenge,
          nicolae_lair_grazing_beasts [nicolae_sub_lair_graze_edge,
          nicolae_sub_lair_graze_edge, nicolae_sub_lair_graze_edge,
          nicolae_sub_lair_graze_edge], serial_bayou_shore_a
Swamp:1:  layout_basic_swamp, evilmike_swamp_ruin_house_5, swamp_pool_4,
          cheibrodos_swamp_pet_leeches
Swamp:2:  nzn_winding_woodlands_three_and_one
          [nzn_winding_woodlands_5x15_garden,
          nzn_winding_woodlands_5x15_sawtooth, nzn_winding_woodlands_5x15_pool,
          nzn_winding_woodlands_center_lodge], layout_basic_swamp,
          nicolae_swamp_ascending_descending
Swamp:3:  layout_basic_swamp, evilmike_swamp_ruin_house_6
Swamp:4:  nzn_swamp_witches_coven, layout_basic_swamp, swamp_pool_3,
          grunt_lady_of_the_lake, uniq_nikola, uniq_roxanne
Spider:1: layout_spider_delve, nicolae_spider_twisty_arc_passages
Spider:2: layout_chambers, hangedman_spider_tarantella_strand
Spider:3: layout_spider_delve, gammafunk_ghost_mausoleum,
          portal_ice_cave_entry_frozen_things
Spider:4: grunt_spider_rune_parallel, uniq_arachne, uniq_bai_suzhen
Orc:1:    layout_caves, serial_shops,
          nicolae_shop_temple_entry_statues_fountains, mines2_david
Orc:2:    st_orc_pillars, layout_caves, ebering_ghost_xom, basic_altar
Elf:1:    minmay_elf_arrival_summoners, layout_geoelf_diagonals, serial_library,
          serial_library_hellmonk_hallway_b, serial_library_regret_index_boxing,
          serial_library_hellmonk_hallway_a, serial_library_hellmonk_metal_room,
          serial_library_hellmonk_big_corner,
          serial_library_regret_index_small_wings,
          serial_library_hellmonk_open_square, serial_library_hellmonk_octagon,
          serial_library_hellmonk_angled_corner,
          serial_library_hellmonk_open_square,
          serial_library_hellmonk_recessed_alcove,
          serial_library_hellmonk_h_bend, elves_outpost_lemuel
Elf:2:    nicolae_elf_blades_crystal_corner, layout_onion_city, serial_shops,
          shop, shop, nicolae_stop_n_shop_1, shop, uniq_aizul
Elf:3:    minmay_elf_hall_circle, layout_gridlike
Abyss:5:  base: D:6, evilmike_abyss_exit_2, evilmike_abyss_exit_15, minivault_5,
          base: Swamp:1, grunt_abyss_exit_deep_breaths,
          hangedman_grunt_abyss_rune_horror_hoard,
          hangedman_grunt_abyss_rune_horror_hoard, abyss_exit_lava,
          evilmike_abyss_exit_10

Skill      XL: |  1  2  3  4  5  6  7  8  9 10 11 12 13 14 15 16 17 18 19 |
---------------+----------------------------------------------------------+-----
Fighting       | 1 2 3 4 5 7 9 10 12 13 14 15 16 17 18 19 | 19.2
Spellcasting   | 4 5 6 7 8 9 10 11 12 13 15 17 | 17.6
Conjurations   | 4 5 6 7 8 9 10 11 12 13 15 17 | 17.6
Hexes          | 4 5 6 7 8 9 10 11 12 13 15 17 | 17.6
Summonings     | 4 5 6 7 8 9 10 11 12 13 15 17 | 17.6
Necromancy     | 4 5 6 7 8 9 10 11 12 13 15 17 | 17.6
Translocations | 4 5 6 7 8 9 10 11 12 13 15 17 | 17.6
Fire Magic     | 4 5 6 7 8 9 10 11 12 13 15 17 | 17.6
Ice Magic      | 4 5 6 7 8 9 10 11 12 13 15 17 | 17.6
Air Magic      | 4 5 6 7 8 9 10 11 12 13 15 17 | 17.6
Earth Magic    | 4 5 6 7 8 9 10 11 12 13 15 17 | 17.6
Alchemy        | 4 5 6 7 8 9 10 11 12 13 15 17 | 17.6
Stealth        | 2 3 4 |  4.5
Polearms       | 1 5 6 |  6.5
Dodging        | 3 4 7 10 12 14 | 14.1
Shields        | 2 5 |  5.6

Action                     |  1- 3 |  4- 6 |  7- 9 | 10-12 | 13-15 | 16-18 | 19-21 || total
---------------------------+-------+-------+-------+-------+-------+-------+-------++-------
  Melee: Unarmed           |     5 |       |    32 |       |       |       |       ||    37
         Dagger            |       |       |     8 |       |       |       |       ||     8
         Short sword       |       |       |    17 |       |       |       |       ||    17
         Trident           |       |       |     5 |   385 |   373 |   191 |       ||   954
         Staff             |       |       |       |       |       |    43 |     3 ||    46
   Cast: Sting             |    49 |    40 |     8 |       |       |   122 |       ||   219
         Mercury Vapours   |     5 |     4 |     3 |       |       |       |       ||    12
         Olgreb's Toxic Ra |       |     8 |    23 |    36 |   144 |   119 |       ||   330
         Mephitic Cloud    |       |     1 |     5 |     5 |     8 |       |       ||    19
         Sticky Flame      |       |       |    48 |    24 |    43 |    18 |       ||   133
         Jinxbite          |       |       |     1 |     1 |       |       |       ||     2
         Manifold Assault  |       |       |     5 |   192 |    70 |    53 |       ||   320
         Freezing Cloud    |       |       |       |    23 |    24 |       |       ||    47
         Death Channel     |       |       |       |       |    14 |    23 |       ||    37
         Iskenderun's Batt |       |       |       |       |       |    23 |       ||    23
         Orb of Destructio |       |       |       |       |       |   222 |    56 ||   278
         Spellforged Servi |       |       |       |       |       |       |     8 ||     8
  Evoke: Wand              |       |       |       |     6 |       |    11 |     1 ||    18
         Phantom mirror    |       |       |       |       |       |     1 |       ||     1
    Use: Scroll            |       |     2 |     5 |     5 |    10 |    18 |     1 ||    41
         Potion            |       |       |     3 |     2 |     3 |    10 |     3 ||    21
   Stab: Sleeping          |       |       |       |     2 |     1 |       |       ||     3
         Confused          |       |       |       |     1 |     1 |       |       ||     2
         Distracted        |       |       |       |     1 |       |       |       ||     1
         Invisible         |       |       |       |       |       |     1 |       ||     1
 Armour: Robe              |     9 |    10 |    68 |    41 |       |       |       ||   128
         Troll leather arm |       |       |       |    51 |   161 |   393 |    38 ||   643
         Skin              |       |       |       |       |     1 |       |       ||     1
  Dodge: Dodged            |    15 |     8 |    60 |   120 |   270 |   450 |    54 ||   977
  Block: Buckler           |       |       |       |    10 |   144 |   267 |    21 ||   442
         Reflection        |       |       |       |       |       |    13 |     5 ||    18
